 Dungeon Crawl Stone Soup version 0.22-a0-422-g9628fc8 (webtiles) character file.

1216 Borgoz the Cleaver (level 8, 0/68 HPs)
             Began as a Minotaur Gladiator on May 22, 2018.
             Slain by Pikel
             ... wielding a +0 whip of flaming
              (1 damage)
             ... on level 5 of the Dungeon.
             The game lasted 00:05:00 (4473 turns).

Borgoz the Cleaver (Minotaur Gladiator)             Turns: 4473, Time: 00:05:00

Health: 0/68       AC:  6    Str: 19    XL:     8   Next: 22%
Magic:  7/7        EV: 15    Int:  5    God:
Gold:   226        SH:  0    Dex: 14    Spells: 7/7 levels left

rFire    . . .     SeeInvis .   a - +1 war axe
rCold    . . .     Gourm    .   (no shield)
rNeg     . . .     Faith    .   b - +1 leather armour
rPois    .         Spirit   .   c - +0 hat
rElec    .         Reflect  .   (no cloak)
rCorr    .         Harm     .   (no gloves)
MR       .....                  v - +1 pair of boots
Stlth    +.........             (no amulet)
HPRegen  0.21/turn              (no ring)
MPRegen  0.10/turn              (no ring)

@: no status effects
A: retaliatory headbutt, horns 2
a: no special abilities


You were on level 5 of the Dungeon.
You were not hungry.

You visited 1 branch of the dungeon, and saw 6 of its levels.

You collected 226 gold pieces.

Inventory:

Hand Weapons
 a - a +1 war axe (weapon)
Missiles
 d - 3 throwing nets (quivered)
Armour
 b - a +1 leather armour (worn)
 c - a +0 hat (worn)
 v - a +1 pair of boots (worn)
Wands
 x - a wand of acid (8)
Scrolls
 e - 3 scrolls of enchant armour
 g - 3 scrolls of teleportation {unknown}
 h - a scroll of noise {unknown}
 i - 4 scrolls of enchant weapon
 j - 3 scrolls of fear {unknown}
 k - 2 scrolls of identify {unknown}
 n - a scroll of remove curse {unknown}
 p - a scroll of random uselessness {unknown}
 q - a scroll of magic mapping {unknown}
 t - a scroll of blinking {unknown}
 y - a scroll of fog {unknown}
Potions
 l - a potion of brilliance {unknown}
 m - 3 potions of curing {unknown}
 o - 3 potions of heal wounds
 r - a potion of magic {unknown}
 s - a potion of mutation {unknown}
 u - a potion of agility {unknown}
 z - a potion of ambrosia {unknown}
 A - 2 potions of berserk rage {unknown}
 B - 2 potions of cancellation {unknown}
 C - a potion of haste {unknown}
Comestibles
 f - 11 rations


   Skills:
 + Level 5.3 Fighting
 + Level 8.5 Axes
 - Level 2.1 Throwing
 + Level 5.0 Armour
 + Level 5.5 Dodging
 - Level 1.1 Stealth


You had 7 spell levels left.
You didn't know any spells.
Your spell library contained the following spells:

 Spells                   Type           Power        Failure   Level  Hunger
 Apportation              Tloc           #.....       52%         1    ##.....
 Summon Small Mammal      Summ           #...         52%         1    ##.....
 Animate Skeleton         Necr           N/A          52%         1    ##.....
 Confusing Touch          Hex            #.....       52%         1    ##.....


Dungeon Overview and Level Annotations

Branches:
Dungeon (6/15)
 Temple: D:4-7

Altars:
Cheibriados
Fedhas
Gozag
Makhleb
Okawaru
Qazlal
Trog
Uskayaw
Wu Jian
Xom
Zin

Shops:
D:5 :

Annotations:
D:5 Pikel


Innate Abilities, Weirdness & Mutations

You reflexively headbutt those who attack you in melee.
You have a pair of horns on your head.


Message History

Pikel hits you with a whip of flaming.
* * * LOW HITPOINT WARNING * * *
Pikel burns you.
* * * LOW HITPOINT WARNING * * *
You closely miss Pikel.
Pikel is heavily wounded.
Pikel hits you with a whip of flaming.
* * * LOW HITPOINT WARNING * * *
Pikel burns you.
* * * LOW HITPOINT WARNING * * *
You hit Pikel. You headbutt Pikel!
Pikel is almost dead.
Pikel hits you with a whip of flaming.
* * * LOW HITPOINT WARNING * * *
Pikel burns you.
* * * LOW HITPOINT WARNING * * *
Pikel hits you with a whip of flaming.
* * * LOW HITPOINT WARNING * * *
Pikel burns you.
You die...

##...####.....
##.## #..... #.#
#.#.#. ####.#
#.._.. #....#
###.#' ####.####
##..#. #......#
#....< #[##.#.#
#.###. #@##.#.#
#.##). #K##.#.###
#.#... #.##.....#
#.##..
#.####.#.####.##..
#.# #.#..........
#.####.######.###.
#......# #.....
######## #####. #.


You could see Pikel.

Vanquished Creatures
  Sigmund (D:2)
  2 sky beasts (D:5)
  2 slaves (D:5)
  An ice beast (D:6)
  2 ogres (D:4)
  A bullfrog (D:4)
  A scorpion (D:4)
  A crimson imp (D:6)
  3 orc priests
  A hound (D:5)
  A jelly (D:4)
  2 orc wizards
  An iguana (D:5)
  A worker ant (D:5)
  A hound zombie (D:4)
  Robin (D:2)
  A gnoll (D:4)
  5 adders
  4 shadow imps
  An ooze (D:4)
  An adder zombie (D:5)
  3 worms
  9 leopard geckos
  8 orcs
  10 bats
  4 giant cockroaches
  11 goblins
  8 hobgoblins
  2 jackals (D:4)
  8 kobolds
  A quokka (D:5)
  3 frilled lizards (D:1)
  A leopard gecko zombie (D:5)
  A quokka skeleton (D:5)
  2 rats
105 creatures vanquished.

Notes
Turn   | Place    | Note
-------+----------+-------------------------------------------
     0 | D:1      | Borgoz the Minotaur Gladiator began the quest for the Orb.
     0 | D:1      | Reached XP level 1. HP: 18/18 MP: 0/0
   116 | D:1      | Reached XP level 2. HP: 21/25 MP: 1/1
   121 | D:1      | Reached skill level 4 in Axes
   702 | D:2      | You fall through a shaft for 2 floors!
   754 | D:4      | Noticed an ogre
   761 | D:4      | Killed an ogre
   761 | D:4      | Reached skill level 5 in Axes
   761 | D:4      | Reached skill level 1 in Armour
   761 | D:4      | Reached XP level 3. HP: 31/31 MP: 2/2
   761 | D:4      | Reached XP level 4. HP: 38/38 MP: 3/3
   806 | D:4      | Reached XP level 5. HP: 36/45 MP: 4/4
   808 | D:4      | Reached skill level 6 in Axes
   990 | D:3      | Reached XP level 6. HP: 44/51 MP: 5/5
  1024 | D:2      | Noticed Sigmund
  1037 | D:2      | Killed Sigmund
  1037 | D:2      | Reached skill level 7 in Axes
  1037 | D:2      | Reached skill level 1 in Stealth
  1269 | D:2      | Found a shimmering altar of Xom.
  1269 | D:2      | Found a burning altar of Makhleb.
  1311 | D:2      | Found a blossoming altar of Fedhas.
  1313 | D:2      | Found a glowing silver altar of Zin.
  1325 | D:2      | Noticed Robin
  1333 | D:2      | Killed Robin
  1650 | D:2      | Found a hide-covered altar of Uskayaw.
  1735 | D:2      | Found an opulent altar of Gozag.
  1996 | D:3      | Reached XP level 7. HP: 56/58 MP: 6/6
  2558 | D:4      | Found a snail-covered altar of Cheibriados.
  2763 | D:4      | Found a stormy altar of Qazlal.
  3235 | D:4      | Found an iron altar of Okawaru.
  3237 | D:4      | Reached skill level 8 in Axes
  3276 | D:5      | Entered Level 5 of the Dungeon
  3363 | D:5      | Found an ornate altar of the Wu Jian Council.
  3564 | D:5      | Found Ysurof's Book Shop.
  3590 | D:5      | Reached skill level 5 in Dodging
  4059 | D:5      | Found a bloodstained altar of Trog.
  4068 | D:5      | Reached skill level 5 in Fighting
  4068 | D:5      | Reached XP level 8. HP: 60/68 MP: 7/7
  4437 | D:6      | Noticed Pikel
  4441 | D:6      | Reached skill level 5 in Armour
  4446 | D:6      | HP: 2/68 [Pikel/whip of flaming (3)]
  4473 | D:5      | HP: 3/68 [Pikel/whip of flaming (1)]
  4473 | D:5      | HP: 1/68 [Pikel/whip of flaming (2)]
  4473 | D:5      | Slain by Pikel

Vault maps used:
D:1:      giann_wishing_wells, st_stairs_6
D:2:      gammafunk_temple_overflow_wave, lemuel_crystal_altar,
          eat_drink_and_be_merry_uskayaw,
          chequers_temple_overflow_statue_of_worship, first_ration, uniq_robin,
          uniq_sigmund
D:3:      grunt_ministairs_1, corexii_item_surrounded_by_moat
D:4:      okawaru_altar_gauntlet_db, grunt_qazlal_sundering, cheibriados_altar_1
D:5:      lemuel_crystal_altar, marbit_many_paths, serial_shops,
          nicolae_shop_trees
D:6:      temple_statues, uniq_pikel

Skill      XL: |  1  2  3  4  5  6  7  8 |
---------------+-------------------------+-----
Axes           | 5 6 7 8 |  8.5
Fighting       | 3 5 |  5.3
Armour         | 1 2 3 4 5 |  5.0
Dodging        | 4 5 |  5.5
Stealth        | 1 |  1.1
Throwing       | |  2.1

Action                   |  1- 3 |  4- 6 |  7- 9 || total
-------------------------+-------+-------+-------++-------
Melee: War axe           |    42 |    79 |   131 ||   252
       Headbutt          |     4 |     7 |    34 ||    45
  Use: Scroll            |       |       |     2 ||     2
       Potion            |       |       |     3 ||     3
 Stab: Sleeping          |     1 |       |     3 ||     4
  Eat: Chunk             |       |     3 |     8 ||    11
Armor: Leather armour    |    11 |    13 |    28 ||    52
Dodge: Dodged            |    35 |    58 |    89 ||   182

Table legend:
 A = Spawn XP
 B = Non-spawn XP
 C = Spawn XP percentage of total XP
 D = Spawn monster count
 E = Non-spawn monster count
 F = Spawn count percentage of total count
 G = Total turns spent on level
                    A         B        C        D         E        F      G
               +---------+---------+-------+---------+---------+-------+---------
         Total |       0 |    1738 |   0.0 |       0 |     103 |   0.0 |  4473
               +---------+---------+-------+---------+---------+-------+---------
           D:1 |       0 |      26 |   0.0 |       0 |      14 |   0.0 |   602
           D:2 |       0 |     294 |   0.0 |       0 |      21 |   0.0 |   999
           D:3 |       0 |     152 |   0.0 |       0 |      24 |   0.0 |   713
           D:4 |       0 |     608 |   0.0 |       0 |      24 |   0.0 |   962
           D:5 |       0 |     477 |   0.0 |       0 |      18 |   0.0 |  1154
           D:6 |       0 |     181 |   0.0 |       0 |       2 |   0.0 |    43
               +---------+---------+-------+---------+---------+-------+---------
